AoeStats
← gumpmaster

Lombardia

508552761Analyzed
3v3 RM · 10d ago on Sep 23, 2026· 62m 49s· 6 players
Game mode
Random Map
Map size
Normal (6 player)
Population
200
Speed
Normal
Resources
Standard
Victory
Conquest
Starting age
Dark Age
Ending age
Imperial Age
RankedLock teamsTeams togetherTeam positionsShared explorationLock speedFull tech treeHidden civsTurbo modeCheats
Victory
Defeat
🇺🇸 Hindustanis · United States
966
+13
🇺🇸 Wei · United States
958
+13
🇺🇸 Varangians · United States
957
+13
🇺🇸 Teutons · United States
958
-15
🇺🇸 Varangians · United States
882
-12
🇺🇸 Danes · United States
868
-12
The AFK Assassination
8:03 Loom
9:55 Feudal Age
11:21 Double-Bit Axe
11:51 Town Watch
12:42 Wheelbarrow
13:44 Horse Collar
18:11 Castle Age
18:08 Fletching
18:19 Padded Archer Armor
22:03 Bodkin Arrow
25:03 Ballistics
27:05 Husbandry
27:29 Bloodlines
29:18 Hand Cart
31:44 Thumb Ring
35:51 Imperial Age
35:29 Leather Archer Armor
36:04 Cranequins
37:04 Heavy Mounted Crossbowman
39:15 Gambesons
39:30 Squires
39:16 Arson
41:15 Conscription
41:28 Bracer
41:40 Forging
41:36 Scale Barding Armor
42:24 Ring Archer Armor
42:07 Forging
43:08 Chemistry
45:37 Bow Saw
44:53 Elite Jomsviking
47:10 Heavy Plow
47:03 Gold Mining
47:03 Stone Mining
48:16 Chain Barding Armor
48:32 Iron Casting
47:28 Hamask
54:54 Plate Barding Armor
55:20 Blast Furnace
54:42 Murder Holes
59:06 Onager
vonauljv
3:00 Loom
10:38 Feudal Age
11:31 Double-Bit Axe
13:50 Horse Collar
16:33 Stone Mining
19:34 Forging
22:25 Castle Age
22:59 Bloodlines
22:46 Gold Mining
27:54 Wheelbarrow
30:06 Heavy Plow
30:26 Hand Cart
34:33 Imperial Age
34:21 Ballistics
33:28 Elite Skirmisher
34:11 Fletching
34:21 Padded Archer Armor
36:46 Chemistry
38:40 Leather Archer Armor
38:21 Bodkin Arrow
40:03 Elite Teutonic Knight
45:09 Iron Casting
44:35 Scale Mail Armor
45:06 Ring Archer Armor
45:43 Bow Saw
45:48 Squires
45:33 Gambesons
45:34 Arson
54:30 Blast Furnace
53:46 Chain Mail Armor
60:31 Cavalier
DiavloBianco
4:14 Loom
11:56 Feudal Age
13:24 Double-Bit Axe
13:24 Horse Collar
17:33 Wheelbarrow
22:30 Castle Age
22:23 Bloodlines
22:27 Forging
22:23 Scale Barding Armor
23:27 Bow Saw
23:21 Pikeman
24:08 Husbandry
24:16 Stone Mining
24:19 Gold Mining
24:54 Scale Mail Armor
25:32 Iron Casting
25:03 Squires
26:40 Chain Mail Armor
31:54 Caravan
33:10 Vendel Legacy
36:33 Chain Barding Armor
36:06 Fletching
48:59 Imperial Age
50:46 Blast Furnace
50:19 Plate Mail Armor
49:22 Halberdier
51:03 Arson
54:33 Elite Jarl
gumpmaster
7:10 Loom
10:59 Feudal Age
11:26 Double-Bit Axe
11:25 Horse Collar
16:38 Forging
16:35 Scale Barding Armor
19:34 Bloodlines
25:23 Castle Age
25:22 Wheelbarrow
26:54 Bow Saw
26:48 Heavy Plow
26:40 Gold Mining
27:31 Iron Casting
27:17 Chain Barding Armor
27:03 Husbandry
28:28 Town Watch
33:33 Fletching
35:22 Fervor
43:54 Imperial Age
45:41 Blast Furnace
45:12 Ming Guang Armor
44:57 Tuntian
45:19 Conscription
44:28 Heavy Hei Guang Cavalry
46:26 Hand Cart
46:13 Town Patrol
46:52 Crop Rotation
47:02 Gold Shaft Mining
46:23 Stone Mining
48:14 Caravan
49:29 Hoardings
49:21 Ballistics
50:07 Chemistry
49:07 Bodkin Arrow
58:10 Bracer
58:09 Murder Holes
58:26 Masonry
58:20 Light Cavalry
59:41 Treadmill Crane
59:39 Hussar
Beck_1401
8:37 Loom
10:55 Feudal Age
15:20 Castle Age
13:18 Double-Bit Axe
14:21 Horse Collar
19:07 Bloodlines
19:41 Light Cavalry
21:52 Gold Mining
22:19 Bow Saw
23:11 Wheelbarrow
22:54 Forging
23:24 Scale Barding Armor
24:48 Husbandry
25:02 Heavy Plow
26:58 Iron Casting
28:34 Hand Cart
28:05 Town Watch
28:54 Chain Barding Armor
33:14 Gold Mining
37:28 Imperial Age
35:23 Fletching
37:32 Hussar
39:13 Blast Furnace
38:49 Plate Barding Armor
38:44 Bodkin Arrow
39:23 Crop Rotation
39:54 Two-Man Saw
42:44 Conscription
44:38 Bracer
44:03 Vendel Legacy
46:03 Elite Jarl
49:03 Caravan
50:57 Ballistics
51:37 Chemistry
50:33 Murder Holes
50:50 Masonry
54:45 Cavalier
55:41 Guilds
Richard
10:03 Feudal Age
15:12 Castle Age
14:04 Double-Bit Axe
14:03 Horse Collar
16:26 Bow Saw
16:43 Heavy Plow
21:46 Wheelbarrow
20:56 Loom
22:38 Stone Mining
22:38 Gold Mining
25:25 Gold Shaft Mining
25:25 Stone Shaft Mining
25:37 Fletching
25:48 Padded Archer Armor
26:45 Ballistics
27:20 Leather Archer Armor
27:02 Bodkin Arrow
27:25 Hand Cart
26:55 Town Watch
30:59 Forging
30:54 Scale Barding Armor
34:36 Imperial Age
33:13 Iron Casting
32:58 Chain Barding Armor
33:23 Bloodlines
33:14 Husbandry
33:57 Coinage
34:20 Masonry
34:22 Fortified Wall
34:42 Heavy Camel Rider
36:25 Blast Furnace
36:00 Plate Barding Armor
36:10 Grand Trunk Road
36:33 Conscription
36:51 Hoardings
38:22 Banking
37:56 Caravan
40:06 Two-Man Saw
41:56 Bracer
42:27 Ring Archer Armor
41:57 Scale Mail Armor
41:24 Imperial Camel Rider
46:06 Shatagni
46:19 Thumb Ring
46:34 Chain Mail Armor
47:44 Chemistry
46:50 Siege Engineers
46:41 Murder Holes
46:56 Clinker Construction
46:56 Careening
46:37 Guard Tower
57:37 Elite Ghulam
58:42 Carvel Hull
58:37 Fervor
58:24 Herbal Medicine
Connection lost

Rejoining the realm…

Still unreachable

The connection could not be restored.

Session expired

The server has moved on; the page needs a fresh start.